 Dungeon Crawl Stone Soup version 0.16-a0-890-g98fc465 (webtiles) character file.

10 RobertPalmer the Digger (level 2, 0/17 HPs)
             Began as an Octopode Wanderer on Sept 29, 2014.
             Hit by a stone thrown by a kobold (2 damage)
             ... on Level 1 of the Dungeon.
             The game lasted 00:01:17 (325 turns).

RobertPalmer the Digger (Octopode Wanderer)          Turns: 325, Time: 00:01:17

HP   0/17        AC  1     Str 12      XL: 2   Next: 20%
MP   6/6         EV 11     Int 14      God:
Gold 9           SH  0     Dex 10      Spells:  2 memorised,  5 levels left

rFire  . . .     SeeInvis .     c - +0 blowgun
rCold  . . .     Clarity  .     (no shield)
rNeg   . . .     rCorr    .     (helmet restricted)
rPois  .         rRot     .     (no amulet)
rElec  .         Spirit   .     (no ring)
SustAb .         Warding  .     (no ring)
rMut   .         Stasis   .     (no ring)
Gourm  .                        (no ring)
MR     .....                    (no ring)
                                (no ring)
                                (no ring)
                                (no ring)

@: not resistant to hostile enchantments, unstealthy
A: almost no armour, amphibious, 8 rings, constrict 8, camouflage 1, gelatinous
body 1
a: no special abilities


You were on level 1 of the Dungeon.
You were not hungry.

You visited 1 branch of the dungeon, and saw 1 of its levels.

You collected 9 gold pieces.


Innate Abilities, Weirdness & Mutations

You cannot wear most types of armour.
You are amphibious.
You can wear up to eight rings at the same time.
You can use your tentacles to constrict many enemies at once.
Your skin changes colour to match your surroundings (Stealth).
Your rubbery body absorbs attacks (AC +1).


   Skills:
 - Level 1.0 Throwing
 - Level 1.3 Stealth
 - Level 3.0 Spellcasting
 + Level 1.8 Conjurations
   Level 1.0 Hexes
 - Level 3.0 Earth Magic
 - Level 1.2 Poison Magic


You had 5 spell levels left.
You knew the following spells:

 Your Spells              Type           Power        Failure   Level  Hunger
y - Sandblast             Erth           ##....       10%         1    #......
z - Sting                 Conj/Pois      #...         14%         1    #......

Inventory:

Hand weapons
 c - a +0 blowgun (weapon)
Missiles
 b - 6 poisoned needles (quivered)
Comestibles
 f - a bread ration
 g - a rotting chunk of giant cockroach flesh {@*1}
 i - a chunk of rat flesh {@*1}
Scrolls
 d - a scroll of blinking {unknown}
 e - a scroll of identify {unknown}
Jewellery
 h - an uncursed amulet of resist mutation {unknown}
Books
 a - a book of Geomancy

Dungeon Overview and Level Annotations

Branches:
Dungeon (1/15)

Altars:

.♣♣###########.#....#.####.#
..♣#................#.####.#
..♣#.####.####.#.........#.#
...#.####.# #.##.#.#.##.#.#
.....#....# #.####.#.##.#.#
####.#.##.# #.. ..#......#
#.#.##.##############.####
#......##.......# #....##
###.#####.>..@..# #.###.#
#...# #....%..# #.# #.#
##..# #....K(.# #.###.# #.##
#..?..%.# ##...## #.#
#.......# #####.## #.#
#....(..# #.....# #.#
###..#### #.##### #.#
#.#######.# #.#
#....).>#.########


You could see a kobold.


Message History

The poisoned needle closely misses the goblin.
The poisoned needle closely misses the kobold.
The rat bites you.
* * * LOW HITPOINT WARNING * * *
Firing (i - inventory):
b - 9 poisoned needles (quivered)
Aim: a kobold You shoot a poisoned needle.
The poisoned needle completely misses the rat.
The poisoned needle hits the goblin.
The goblin is poisoned.
The rat bites you.
* * * LOW HITPOINT WARNING * * *
Found a scroll labeled WOUC AWKEOT.
Found a dagger.
Found a meat ration.
Found a stone staircase leading down.
The goblin looks more healthy.
The smell of rotting flesh makes you sick. (slot g) Firing (i - inventory):
b - 8 poisoned needles (quivered)
Aim: a kobold You shoot a poisoned needle.
The poisoned needle hits the rat!
The rat is poisoned.
The rat closely misses you.
You kill the rat!
Firing (i - inventory):
b - 7 poisoned needles (quivered)
Aim: a kobold You shoot a poisoned needle.
The poisoned needle hits the goblin!
The goblin is poisoned.
The goblin is severely wounded.
The goblin hits you.
* * * LOW HITPOINT WARNING * * *
You kill the goblin!
The kobold throws a stone.
The stone hits you.
You die...

Action                   || total
-------------------------++-------
Melee: Unarmed           ||    17
 Fire: Blowgun           ||     5

Vault maps used:
D:1:      sevenhm_arrival_forest_fort_large_2

Notes
Turn   | Place    | Note
--------------------------------------------------------------
     0 | D:1      | RobertPalmer, the Octopode Wanderer, began the quest for the Orb.
     0 | D:1      | Reached XP level 1. HP: 11/11 MP: 4/4
     2 | D:1      | Learned a level 1 spell: Sandblast
   180 | D:1      | Reached skill level 1 in Conjurations
   293 | D:1      | Reached XP level 2. HP: 7/17 MP: 6/6
   325 | D:1      | Hit by a stone thrown by a kobold

Vanquished Creatures
  A giant gecko (D:1)
  A bat (D:1)
  2 giant cockroaches (D:1)
  A goblin (D:1)
  A kobold (D:1)
  3 rats (D:1)
9 creatures vanquished.
